SAA
LANCASTER FARMERS @ PHOENIX HOTSPUR YOUTH
07/16/2024
 
TOP OF THE 1ST
Lancaster Farmers batting - Pitching for Phoenix Hotspur Youth : RHP Adam Garrison
Pitching: RHP Adam Garrison
Batting: RHB Ricardo Pacheco 0-0: Called Strike
0-1: SINGLE (Groundball, 6MD)
Batting: RHB Albert Díaz 0-0: Ball
1-0: Called Strike
1-1: Ball
2-1: Called Strike
2-2: Foul Ball, location: 2F
2-2: Strikes out swinging
Batting: LHB Rob Wilson 0-0: Called Strike
0-1: Ball
1-1: Foul Ball, location: 2F
1-2: SINGLE (Line Drive, 8RS)
Ricardo Pacheco to second
Runner from 2nd tries for 3rd, SAFE, throw made to third
Rob Wilson to second
Batting: RHB Barkley B. Cooltimes 0-0: Ground out 6-3 (Groundball, 6M)
Ricardo Pacheco scores
Rob Wilson to third
Batting: RHB António Jiménez 0-0: Ball
1-0: Ball
2-0: Foul Ball, location: 2F
2-1: Foul Ball, location: 2F
2-2: Foul Ball, location: 2F
2-2: Foul Ball, location: 2F
2-2: Ball
3-2: Base on Balls
Batting: SHB Orlando Miranda 0-0: Ball
1-0: Ball
2-0: TRIPLE (Flyball, 89M)
Rob Wilson scores
António Jiménez scores
Batting: RHB Carl Bryant 0-0: Ball
1-0: Ball
2-0: Called Strike
2-1: Ground out 4-3 (Groundball, 4M)
Top of the 1st over - 3 run(s), 3 hit(s), 0 error(s), 1 left on base; Lancaster 3 - Phoenix Hotspur 0
BOTTOM OF THE 1ST
Phoenix Hotspur Youth batting - Pitching for Lancaster Farmers : RHP Paco Peña
Pitching: RHP Paco Peña
Batting: RHB Wilson Castillo 0-0: Ball
1-0: Ground out 6-3 (Groundball, 6)
Batting: RHB Alex Niemann 0-0: Foul Ball, location: 2F
0-1: Ball
1-1: Foul Ball, location: 2F
1-2: Fly out, F8 (Flyball, 89M)
Batting: RHB Jim Unknown 0-0: Ball
1-0: Ball
2-0: SINGLE (Line Drive, 34D)
Batting: LHB Rafael Sánchez 0-0: Ball
1-0: Ball
2-0: Called Strike
2-1: Foul Ball, location: 2F
2-2: Ball
3-2: SINGLE (Flyball, 8RS)
Jim Unknown to second
Jim Unknown to third
Batting: RHB Jesús Mejía 0-0: Ball
Rafael Sánchez steals 2nd base
1-0: Called Strike
1-1: Fly out, F5 (Popup, 15)
Bottom of the 1st over - 0 run(s), 2 hit(s), 0 error(s), 2 left on base; Lancaster 3 - Phoenix Hotspur 0
TOP OF THE 2ND
Lancaster Farmers batting - Pitching for Phoenix Hotspur Youth : RHP Adam Garrison
Batting: LHB Ramón Gómez 0-0: Foul Ball, location: 2F
0-1: Swinging Strike
0-2: Strikes out swinging
Batting: RHB Rodrigo Velasco 0-0: Called Strike
0-1: Ground out 3-1 (Groundball, 34S)
Batting: RHB Ricardo Pacheco 0-0: Called Strike
0-1: Swinging Strike
0-2: Ground out 1-3 (Groundball, 15)
Top of the 2nd over - 0 run(s), 0 hit(s), 0 error(s), 0 left on base; Lancaster 3 - Phoenix Hotspur 0
BOTTOM OF THE 2ND
Phoenix Hotspur Youth batting - Pitching for Lancaster Farmers : RHP Paco Peña
Batting: RHB Marc Meertens 0-0: Ball
1-0: SINGLE (Groundball, 4MD)
Batting: RHB Pedro Martínez 0-0: Called Strike
0-1: SINGLE (Line Drive, 8LS)
Marc Meertens to second
Batting: RHB Javier González 0-0: Ball
1-0: Called Strike
1-1: Ball
2-1: Ground out U3 (Groundball, 3S)
Marc Meertens to third
Pedro Martínez to second
Batting: LHB Kenny Scott 0-0: Called Strike
0-1: Fly out, F9 (Flyball, 9M)
Runner from 3rd tags up, SCORES, no throw
Batting: RHB Wilson Castillo 0-0: Called Strike
0-1: Called Strike
0-2: Ball
1-2: Fly out, F8 (Flyball, 8LM)
Bottom of the 2nd over - 1 run(s), 2 hit(s), 0 error(s), 1 left on base; Lancaster 3 - Phoenix Hotspur 1
TOP OF THE 3RD
Lancaster Farmers batting - Pitching for Phoenix Hotspur Youth : RHP Adam Garrison
Batting: RHB Albert Díaz 0-0: Bunted foul
0-1: Ball
1-1: Foul Ball, location: 2F
1-2: Ball
2-2: Fly out, F9 (Popup, 34D)
Batting: LHB Rob Wilson 0-0: Called Strike
0-1: Ground out U3 (Groundball, 3S)
Batting: RHB Barkley B. Cooltimes 0-0: Foul Ball, location: 2F
0-1: Ball
1-1: Ball
2-1: Ground out 1-6-3 (Groundball, 15S)
Top of the 3rd over - 0 run(s), 0 hit(s), 0 error(s), 0 left on base; Lancaster 3 - Phoenix Hotspur 1
BOTTOM OF THE 3RD
Phoenix Hotspur Youth batting - Pitching for Lancaster Farmers : RHP Paco Peña
Batting: RHB Alex Niemann 0-0: Foul Ball, location: 2F
0-1: Swinging Strike
0-2: Ball
1-2: Ball
2-2: Ball
3-2: Base on Balls
Batting: RHB Jim Unknown 0-0: Called Strike
0-1: Called Strike
0-2: Ball
1-2: Foul Ball, location: 2F
1-2: Strikes out swinging
Batting: LHB Rafael Sánchez 0-0: Fly out, F9 (Line Drive, 89S)
Batting: RHB Jesús Mejía 0-0: Ball
1-0: Foul Ball, location: 2F
1-1: Foul Ball, location: 2F
1-2: Ball
2-2: Fly out, F4 (Popup, 3D)
Bottom of the 3rd over - 0 run(s), 0 hit(s), 0 error(s), 1 left on base; Lancaster 3 - Phoenix Hotspur 1
TOP OF THE 4TH
Lancaster Farmers batting - Pitching for Phoenix Hotspur Youth : RHP Adam Garrison
Batting: RHB António Jiménez 0-0: Ball
1-0: Ball
2-0: Ball
3-0: Called Strike
3-1: SINGLE (Flyball, 7LM)
Batting: SHB Orlando Miranda 0-0: Called Strike
0-1: Ball
1-1: Called Strike
1-2: SINGLE (Flyball, 7LS)
António Jiménez to second
Batting: RHB Carl Bryant 0-0: Grounds into double play, U6-3 (Groundball, 6M)
António Jiménez to third
Batting: LHB Ramón Gómez 0-0: SINGLE (Groundball, 6M)
António Jiménez scores
Batting: RHB Rodrigo Velasco 0-0: Called Strike
0-1: Ball
1-1: Ball
2-1: Ball
3-1: Base on Balls
Ramón Gómez to second
Batting: RHB Ricardo Pacheco 0-0: Ball
1-0: Swinging Strike
1-1: Foul Ball, location: 2F
1-2: Ball
2-2: Fly out, F9 (Flyball, 9LMF)
Top of the 4th over - 1 run(s), 3 hit(s), 0 error(s), 2 left on base; Lancaster 4 - Phoenix Hotspur 1
BOTTOM OF THE 4TH
Phoenix Hotspur Youth batting - Pitching for Lancaster Farmers : RHP Paco Peña
Batting: RHB Marc Meertens 0-0: Called Strike
0-1: Ball
1-1: Foul Ball, location: 2F
1-2: Foul Ball, location: 2F
1-2: Ball
2-2: Foul Ball, location: 2F
2-2: Fly out, F7 (Flyball, 7M)
Batting: RHB Pedro Martínez 0-0: Ball
1-0: Called Strike
1-1: Foul Ball, location: 2F
1-2: Ball
2-2: Ball
3-2: Fly out, F7 (Flyball, 78M)
Batting: RHB Javier González 0-0: Ball
1-0: Ground out 1-3 (Groundball, 34S)
Bottom of the 4th over - 0 run(s), 0 hit(s), 0 error(s), 0 left on base; Lancaster 4 - Phoenix Hotspur 1
TOP OF THE 5TH
Lancaster Farmers batting - Pitching for Phoenix Hotspur Youth : RHP Adam Garrison
Batting: RHB Albert Díaz 0-0: Ball
1-0: TRIPLE (Line Drive, 89M)
Batting: LHB Rob Wilson 0-0: Ball
1-0: Ball
2-0: Ball
3-0: Called Strike
3-1: Swinging Strike
3-2: Base on Balls
Batting: RHB Barkley B. Cooltimes 0-0: Ball
1-0: Ball
2-0: Fly out, F9 (Flyball, 89S)
Batting: RHB António Jiménez 0-0: Called Strike
0-1: Ball
1-1: Ball
2-1: Ball
3-1: Fly out, F2 (Popup, 2LF)
Batting: SHB Orlando Miranda 0-0: Ball
1-0: Foul Ball, location: 2F
1-1: Ball
Rob Wilson steals 2nd base
2-1: Fly out, F8 (Flyball, 8LS)
Top of the 5th over - 0 run(s), 1 hit(s), 0 error(s), 2 left on base; Lancaster 4 - Phoenix Hotspur 1
BOTTOM OF THE 5TH
Phoenix Hotspur Youth batting - Pitching for Lancaster Farmers : RHP Paco Peña
Batting: LHB Kenny Scott 0-0: Foul Ball, location: 2F
0-1: Called Strike
0-2: Fly out, F7 (Flyball, 78M)
Batting: RHB Wilson Castillo 0-0: Called Strike
0-1: Fly out, F6 (Popup, 6D)
Batting: RHB Alex Niemann 0-0: Ground out 4-3 (Groundball, 4M)
Bottom of the 5th over - 0 run(s), 0 hit(s), 0 error(s), 0 left on base; Lancaster 4 - Phoenix Hotspur 1
TOP OF THE 6TH
Lancaster Farmers batting - Pitching for Phoenix Hotspur Youth : RHP Adam Garrison
Batting: RHB Carl Bryant 0-0: Called Strike
0-1: Ball
1-1: Fly out, F4 (Line Drive, 4)
Batting: LHB Ramón Gómez 0-0: Ball
1-0: Foul Ball, location: 2F
1-1: Ball
2-1: Ball
3-1: Foul Ball, location: 2F
3-2: Foul Ball, location: 2F
3-2: Fly out, F8 (Flyball, 8LM)
Batting: RHB Rodrigo Velasco 0-0: Ball
1-0: Ball
2-0: Ball
3-0: Swinging Strike
3-1: Ground out 6-3 (Groundball, 6)
Top of the 6th over - 0 run(s), 0 hit(s), 0 error(s), 0 left on base; Lancaster 4 - Phoenix Hotspur 1
BOTTOM OF THE 6TH
Phoenix Hotspur Youth batting - Pitching for Lancaster Farmers : RHP Paco Peña
Batting: RHB Jim Unknown 0-0: Fly out, F9 (Flyball, 89S)
Batting: LHB Rafael Sánchez 0-0: Ball
1-0: Ground out 4-3 (Groundball, 4)
Batting: RHB Jesús Mejía 0-0: Ball
1-0: SINGLE (Groundball, 6MD)
Batting: RHB Marc Meertens 0-0: Called Strike
0-1: Ball
1-1: Foul Ball, location: 2F
1-2: Ball
2-2: Strikes out looking
Bottom of the 6th over - 0 run(s), 1 hit(s), 0 error(s), 1 left on base; Lancaster 4 - Phoenix Hotspur 1
TOP OF THE 7TH
Lancaster Farmers batting - Pitching for Phoenix Hotspur Youth : RHP Adam Garrison
Batting: RHB Ricardo Pacheco 0-0: Ball
1-0: Fly out, F7 (Flyball, 7D)
Batting: RHB Albert Díaz 0-0: Called Strike
0-1: Ball
1-1: Foul Ball, location: 2F
1-2: Foul Ball, location: 2F
1-2: SINGLE (Line Drive, 7LS)
Batting: LHB Rob Wilson 0-0: Ball
Albert Díaz steals 2nd base
1-0: Intentional Walk
Batting: RHB Barkley B. Cooltimes 0-0: Called Strike
0-1: Called Strike
Albert Díaz steals 3rd base
Rob Wilson to second
0-2: Ball
1-2: Fly out, F7 (Flyball, 78M)
Runner from 3rd tags up, SCORES, no throw
Batting: RHB António Jiménez 0-0: Ball
1-0: Ball
2-0: Called Strike
2-1: Called Strike
2-2: Foul Ball, location: 2F
2-2: Ball
3-2: SINGLE (Groundball, 4D)
Rob Wilson to third
Rob Wilson scores
Pitching: LHP Iván Vélez
Batting: SHB Orlando Miranda 0-0: Called Strike
0-1: Foul Ball, location: 2F
0-2: Ball
1-2: Ball
2-2: DOUBLE (Line Drive, 78M)
António Jiménez to third
Runner from 3rd tries for Home, throw and OUT!
Top of the 7th over - 2 run(s), 3 hit(s), 0 error(s), 1 left on base; Lancaster 6 - Phoenix Hotspur 1
BOTTOM OF THE 7TH
Phoenix Hotspur Youth batting - Pitching for Lancaster Farmers : RHP Paco Peña
Batting: RHB Pedro Martínez 0-0: Called Strike
0-1: Foul Ball, location: 2F
0-2: Ball
1-2: Ball
2-2: Foul Ball, location: 2F
2-2: Ball
3-2: Foul Ball, location: 2F
3-2: Strikes out swinging
Batting: RHB Javier González 0-0: Called Strike
0-1: Ball
1-1: Fly out, F5 (Line Drive, 56)
Batting: LHB Kenny Scott 0-0: Fly out, F8 (Flyball, 8RM)
Bottom of the 7th over - 0 run(s), 0 hit(s), 0 error(s), 0 left on base; Lancaster 6 - Phoenix Hotspur 1
TOP OF THE 8TH
Lancaster Farmers batting - Pitching for Phoenix Hotspur Youth : LHP Iván Vélez
Batting: RHB Carl Bryant 0-0: Ball
1-0: Ball
2-0: Ball
3-0: Called Strike
3-1: Base on Balls
Batting: LHB Ramón Gómez 0-0: Sac Bunt - play at first, batter OUT! 2-3
Carl Bryant to second
Batting: RHB Rodrigo Velasco 0-0: Foul Ball, location: 2F
0-1: Ball
1-1: Swinging Strike
1-2: Foul Ball, location: 2F
1-2: Ball
2-2: Fly out, F7 (Flyball, 7M)
Batting: RHB Ricardo Pacheco 0-0: Called Strike
0-1: Ball
1-1: Ball
2-1: SINGLE (Line Drive, 3D)
Carl Bryant to third
Batting: RHB Albert Díaz 0-0: Ball
1-0: Called Strike
1-1: Swinging Strike
1-2: SINGLE (Groundball, 4MD) (infield hit)
Carl Bryant scores
Ricardo Pacheco to second
Batting: LHB Rob Wilson 0-0: Called Strike
0-1: Swinging Strike
0-2: SINGLE (Flyball, 7S)
Ricardo Pacheco to third
Albert Díaz to second
Runner from 3rd tries for Home, SAFE, no throw or cutoff
Batting: RHB Barkley B. Cooltimes 0-0: Ball
1-0: Called Strike
1-1: Ball
2-1: Ball
3-1: SINGLE (Groundball, 56D)
Albert Díaz to third
Rob Wilson to second
Runner from 3rd tries for Home, SAFE, no throw or cutoff
Batting: RHB António Jiménez 0-0: Called Strike
0-1: Ground out 5-3 (Groundball, 56S)
Top of the 8th over - 3 run(s), 4 hit(s), 0 error(s), 2 left on base; Lancaster 9 - Phoenix Hotspur 1
BOTTOM OF THE 8TH
Phoenix Hotspur Youth batting - Pitching for Lancaster Farmers : RHP Paco Peña
Now at 2B: Eric Howard
Pinch Hitting: LHB Derek Blair 0-0: Ball
1-0: Swinging Strike
1-1: Foul Ball, location: 2F
1-2: Foul Ball, location: 2F
1-2: Fly out, F8 (Flyball, 8RS)
Batting: RHB Alex Niemann 0-0: Called Strike
0-1: Ball
1-1: Ball
2-1: Foul Ball, location: 2F
2-2: Ground out 5-3 (Groundball, 56)
Batting: RHB Jim Unknown 0-0: Ball
1-0: Ball
2-0: Ball
3-0: Called Strike
3-1: SINGLE (Line Drive, 6D)
Pitching: RHP Rubén Madrid
Batting: LHB Rafael Sánchez 0-0: Ball
1-0: Ball
2-0: Ball
3-0: Base on Balls
Jim Unknown to second
Batting: RHB Jesús Mejía 0-0: Fly out, F3 (Popup, 3F)
Bottom of the 8th over - 0 run(s), 1 hit(s), 0 error(s), 2 left on base; Lancaster 9 - Phoenix Hotspur 1
TOP OF THE 9TH
Lancaster Farmers batting - Pitching for Phoenix Hotspur Youth : LHP Iván Vélez
Now in LF: Derek Blair
Batting: SHB Orlando Miranda 0-0: Ball
1-0: Called Strike
1-1: Foul Ball, location: 2F
1-2: Strikes out looking
Batting: RHB Carl Bryant 0-0: Ground out 4-3 (Groundball, 4M)
Batting: LHB Ramón Gómez 0-0: Called Strike
0-1: Called Strike
0-2: Ground out U3 (Groundball, 3)
Top of the 9th over - 0 run(s), 0 hit(s), 0 error(s), 0 left on base; Lancaster 9 - Phoenix Hotspur 1
BOTTOM OF THE 9TH
Phoenix Hotspur Youth batting - Pitching for Lancaster Farmers : RHP Rubén Madrid
Batting: RHB Marc Meertens 0-0: Fly out, F8 (Flyball, 8LD)
Batting: RHB Pedro Martínez 0-0: Ball
1-0: Ball
2-0: Fly out, F7 (Flyball, 7M)
Batting: RHB Javier González 0-0: Ball
1-0: Called Strike
1-1: Ball
2-1: Ground out 5-3 (Groundball, 56)
Bottom of the 9th over - 0 run(s), 0 hit(s), 0 error(s), 0 left on base; Lancaster 9 - Phoenix Hotspur 1
This league is powered by Out of the Park Baseball, the baseball management simulation game for PC, Mac and Linux
Monday, October 3rd, 2016 - OOTP Baseball 16.9 Build 39